 Dungeon Crawl Stone Soup version 0.29.1-14-g9c671dbff4 (webtiles) character file.

Game seed: 940207852038793852

3917 MysteronAgent613 the Vexing (level 10, -3/70 HPs)
             Began as a Purple Draconian Enchanter on Feb 15, 2023.
             Was a Priest of Hepliaklqana.
             Slain by a black bear (7 damage)
             ... on level 8 of the Dungeon.
             The game lasted 00:29:20 (4972 turns).

MysteronAgent613 the Vexing (DrEn)                  Turns: 4972, Time: 00:29:21

Health: -3/70      AC: 10    Str: 12    XL:     10   Next: 1%
Magic:  2/19       EV: 13    Int: 17    God:    Hepliaklqana [***...]
Gold:   358        SH:  0    Dex: 13    Spells: 13/21 levels left

rFire   . . .      SeeInvis .   m - +1 dagger (venom)
rCold   + . .      Faith    .   c - orb {*Rage}
rNeg    . . .      Spirit   .   (body armour unavailable)
rPois   .          Reflect  .   (helmet restricted)
rElec   .          Harm     .   r - +2 cloak
rCorr   .          Rampage  .   (no gloves)
Will    +....      Rage     20% (no boots)
Stlth   +++.......              (no amulet)
HPRegen 0.21/turn               t - ring of protection from cold
MPRegen 0.16/turn               (no ring)

@: short of breath, on berserk cooldown, slowed, very slow
A: reduced essence, breathe power, AC +7, unfitting armour, cold-blooded
a: Breathe Dispelling Energy, Renounce Religion, Recall Ancestor, Ancestor
Identity, Transference


You were on level 8 of the Dungeon.
You worshipped Hepliaklqana.
Hepliaklqana was most pleased with you.
You visited 1 branch of the dungeon, and saw 8 of its levels.
You also visited: Ossuary.

You collected 358 gold pieces.

Inventory:

Hand Weapons
 a - a +1 dagger
 m - a +1 dagger of venom (weapon)
Armour
 c - an orb of wrath (worn)
 r - a +2 cloak (worn)
Jewellery
 t - a ring of protection from cold (left hand)
Wands
 n - a wand of flame (3)
 w - a wand of iceblast (2)
Scrolls
 e - a scroll of poison
 h - a scroll of silence
 q - 2 scrolls of enchant armour
 s - 2 scrolls of vulnerability
 u - a scroll of magic mapping
 v - a scroll of enchant weapon {unknown}
 x - a scroll of summoning {unknown}
 y - a scroll of identify
Potions
 b - 2 potions of invisibility
 d - 3 potions of attraction
 f - a potion of ambrosia
 g - 4 potions of curing {unknown}
 i - a potion of degeneration
 j - 3 potions of brilliance
 k - 2 potions of resistance {unknown}
 l - a potion of mutation {unknown}
 o - 4 potions of haste {unknown}
 p - 3 potions of might {unknown}


   Skills:
 * Level 4.1 Fighting
 * Level 4.7 Short Blades
 * Level 4.5 Dodging
 * Level 5.5 Stealth
 * Level 6.4 Spellcasting
 * Level 6.8 Hexes
 * Level 3.2 Fire Magic
 * Level 4.2 Ice Magic
 * Level 4.4 Invocations
 * Level 3.8 Evocations


You had 13 spell levels left.
You knew the following spells:

 Your Spells              Type           Power      Damage    Failure   Level
a - Ensorcelled Hibernat  Hex/Ice        48%        N/A       1%          2
b - Tukima's Dance        Hex            28%        N/A       2%          3
c - Inner Flame           Hex/Fire       22%        N/A       4%          3

Your spell library contained the following spells:

 Spells                   Type           Power      Damage    Failure   Level
 Confusing Touch          Hex            28%        N/A       2%          3
 Foxfire                  Conj/Fire      40%        2x1d6     6%          1
 Dazzling Flash           Conj/Hex       34%        N/A       9%          3
 Blink                    Tloc           10%        N/A       19%         2
 Conjure Flame            Conj/Fire      10%        6-21      19%         3
 Lesser Beckoning         Tloc           5%         N/A       36%         3
 Flame Wave               Conj/Fire      10%        2d6       54%         4
 Manifold Assault         Tloc           5%         N/A       98%         5


Dungeon Overview and Level Annotations

Branches:
Dungeon (8/15)               Lair (0/5) D:8         Ossuary (visited)
 Temple: D:4-7

Altars:
Ashenzari
Elyvilon
Fedhas
Hepliaklqana
Kikubaaqudgha
Makhleb
Nemelex Xobeh


Innate Abilities, Weirdness & Mutations

Your life essence is reduced to manifest your ancestor. (-10% HP)
You can breathe bolts of dispelling energy.
Your rich purple scales are hard. (AC +7)
You cannot fit into any form of body armour.
You are cold-blooded and may be slowed by cold attacks.


Message History

Press: ? - help, Shift-Dir - straight line, f/p - centaur warrior
Aim: a centaur warrior, wielding a +0 longbow and quivering stones (heavily wounded, chance to affect: 40%)
The +0 longbow dances into the air!
Unknown command.
Aiming: Iceblast
Press: ? - help, Shift-Dir - straight line, f/p - centaur warrior
Aim: a centaur warrior (heavily wounded, ally target)
The mass of ice explodes!
The iceblast engulfs the centaur warrior!!
The centaur warrior is severely wounded.
A nearby fungus withers and dies.
The centaur warrior closely misses you.
The centaur warrior kicks you but does no damage.
The centaur warrior hits you.
* * * LOW HITPOINT WARNING * * *
The centaur warrior barely misses you.
You hit the centaur warrior.
The centaur warrior is almost dead.
The centaur warrior misses you.
The centaur warrior kicks you but does no damage.
Your +0 longbow shoots an arrow.
The arrow completely misses the black bear.
The arrow barely misses the centaur warrior.
You barely miss the centaur warrior. You tail-slap the centaur warrior.
The centaur warrior is almost dead.
The centaur warrior hits you but does no damage.
The centaur warrior kicks you but does no damage.
The centaur warrior hits you.
* * * LOW HITPOINT WARNING * * *
The centaur warrior kicks you.
* * * LOW HITPOINT WARNING * * *
The black bear bites you.
* * * LOW HITPOINT WARNING * * *
The black bear barely misses you. The black bear closely misses you.
Your +0 longbow shoots an arrow.
The arrow hits the centaur warrior!
The centaur warrior dies!
Your Fighting skill increases to level 4!
You have reached level 10!
The black bear attacks as you move away!
The black bear bites you!
You die...

...
.......#........'...'.......
###
#..[..!##.......#####....##.
..P.P...........# #....#
PP)....P.††.....# #####...
.P..PPP†.†).....# ..#
...P.P....[.....# ..#
.P....†....######## ..#
PP.........###..... ..#
.P.P.P.PP).@....... ..#
P..P.PPP..h.)...... ..#
P...P..P.........
.>.P.PPP.........
..$P.P...P.......
.P.....P..(......
hPPP..PP.........
...PP...........
P.PP.PP+##.....


You could see a black bear and a friendly +0 longbow.

Vanquished Creatures
  2 water moccasins (D:8)
  A black bear (D:6)
  2 kobold brigands
  A necrophage (D:7)
  2 killer bees (D:8)
  A crimson imp (D:7)
  A hound (D:6)
  3 orc priests
  2 orc wizards (D:8)
  A mummy (Ossuary)
  A gnoll (D:7)
  2 adders
  2 white imps (D:7)
  2 worms (D:2)
  3 dart slugs
  6 orcs
  4 spectral bats (Ossuary)
  7 ball pythons
  2 bats (D:3)
  3 endoplasms
  4 giant cockroaches
  2 goblins
  4 hobgoblins
  10 kobolds
  2 quokkas (D:5)
  3 bat simulacra (Ossuary)
  3 frilled lizards
  9 gnoll zombies (Ossuary)
  4 goblin simulacra (Ossuary)
  4 goblin zombies (Ossuary)
  4 hobgoblin zombies
  6 kobold simulacra (Ossuary)
  A kobold zombie (Ossuary)
  An orc zombie (Ossuary)
  2 rats
  3 rat simulacra (Ossuary)
  2 spectral goblins (Ossuary)
  A spectral kobold (Ossuary)
  A spectral rat (Ossuary)
114 creatures vanquished.

Vanquished Creatures (collateral kills)
  A centaur warrior (D:8)
  Pikel (D:6)
  A komodo dragon (D:8)
  A yak (D:8)
  An orc warrior (D:7)
  3 black bears (D:8)
  A sky beast (D:8)
  A phantom (D:7)
  A lemure (D:6)
  A kobold brigand (D:7)
  2 bullfrogs (D:8)
  4 scorpions
  A gnoll sergeant (D:7)
  2 killer bees (D:8)
  5 crimson imps (D:7)
  An orc priest (D:7)
  A jelly (D:5)
  Ijyb (D:5)
  2 orc wizards
  3 gnolls (D:7)
  3 white imps
  2 worms
  4 dart slugs
  13 orcs
  3 spectral bats (Ossuary)
  4 endoplasms
  3 giant cockroaches
  3 gnoll zombies (Ossuary)
  A goblin (D:2)
  2 hobgoblins
  5 kobolds
  5 quokkas
  4 ball pythons
  2 bats
  A frilled lizard (D:2)
  A goblin zombie (Ossuary)
  4 hobgoblin zombies (Ossuary)
  2 kobold simulacra (Ossuary)
  2 kobold zombies (Ossuary)
  2 orc zombies (Ossuary)
  4 rats
  2 spectral goblins (Ossuary)
  A spectral kobold (Ossuary)
107 creatures vanquished.

Vanquished Creatures (others)
  A dancing weapon (D:7)
  A battlemage (D:8)
  13 fungi (D:8)
  17 plants (D:8)
32 creatures vanquished.

Grand Total: 253 creatures vanquished

Notes
Turn   | Place    | Note
-------+----------+-------------------------------------------
     0 | D:1      | MysteronAgent613 the Draconian Enchanter began the quest
                  | for the Orb.
     0 | D:1      | Reached XP level 1. HP: 14/14 MP: 3/3
   398 | D:1      | Reached XP level 2. HP: 22/22 MP: 5/5
   438 | D:2      | Learned a level 2 spell: Ensorcelled Hibernation
   438 | D:2      | Found a faded altar of an unknown god.
   442 | D:2      | Prayed at the altar of an unknown god.
   442 | D:2      | Became a worshipper of Hepliaklqana the Forgotten
   442 | D:2      | Reached * piety under Hepliaklqana
   719 | D:2      | Reached XP level 3. HP: 24/24 MP: 6/6
   736 | D:2      | Learned a level 3 spell: Tukima's Dance
  1559 | D:3      | Reached ** piety under Hepliaklqana
  1560 | D:3      | Remembered your ancestor Gerakis as a battlemage
  1578 | D:3      | Found a sparkling altar of Nemelex Xobeh.
  1835 | D:1      | Reached XP level 4. HP: 30/30 MP: 7/7
  2182 | D:3      | Reached skill level 1 in Ice Magic
  2242 | D:3      | Reached skill level 1 in Fighting
  2242 | D:3      | Reached skill level 1 in Invocations
  2314 | D:3      | Found a burning altar of Makhleb.
  2374 | D:3      | Found an ancient bone altar of Kikubaaqudgha.
  2580 | D:3      | Reached XP level 5. HP: 36/36 MP: 8/8
  2719 | D:4      | Reached XP level 6. HP: 42/42 MP: 4/10
  2735 | D:4      | Reached *** piety under Hepliaklqana
  2774 | D:4      | Found a broken altar of Ashenzari.
  2778 | D:4      | Found a white marble altar of Elyvilon.
  2778 | D:4      | Found a blossoming altar of Fedhas.
  2860 | D:5      | Entered Level 5 of the Dungeon
  2901 | D:5      | Noticed Ijyb
  2908 | D:5      | Killed Ijyb
  2931 | D:5      | Found a sand-covered staircase.
  2946 | D:5      | Your scales start taking on a rich purple colour.
  2946 | D:5      | Reached XP level 7. HP: 15/49 MP: 7/13
  2953 | Ossuary  | Entered an ossuary
  3562 | Ossuary  | Reached skill level 1 in Evocations
  3905 | D:6      | Learned a level 3 spell: Inner Flame
  4063 | D:6      | Noticed Pikel
  4072 | D:6      | Killed Pikel
  4073 | D:6      | Reached skill level 1 in Fire Magic
  4073 | D:6      | Reached XP level 8. HP: 50/55 MP: 4/14
  4163 | D:7      | Reached skill level 5 in Hexes
  4304 | D:7      | Reached **** piety under Hepliaklqana
  4494 | D:7      | Reached skill level 5 in Stealth
  4494 | D:7      | Reached skill level 5 in Spellcasting
  4594 | D:7      | Reached XP level 9. HP: 46/63 MP: 7/16
  4920 | D:8      | Found a staircase to the Lair.
  4932 | D:8      | Noticed a komodo dragon
  4938 | D:8      | Killed a komodo dragon
  4961 | D:8      | Noticed a centaur warrior
  4971 | D:8      | Killed a centaur warrior
  4972 | D:8      | Reached XP level 10. HP: 4/70 MP: 2/19
  4972 | D:8      | Slain by a black bear

Illustrated notes

Levels and vault maps discovered:
D:1:      dpeg_arrival_boxorama, layout_basic, grunt_decor_one_mirror,
          moated_statue
D:2:      layout_basic, nicolae_ecumenical_lake_church, st_stairs_13,
          nrook_mini_vaults
D:3:      layout_loops_ring, bloody_makhleb, nicolae_overflow_crystal_walls,
          mainiacjoe_overflow_alcove_4
D:4:      layout_cave_pools, minmay_overflow_temple_star_hex,
          minmay_temple_entry_statues, serial_column_ruins,
          column_ruins_temple_hall, column_ruins_columns_dead_end,
          column_ruins_grid_1, column_ruins_grid_1, column_ruins_open_tiny
D:5:      layout_rooms, gup_sewer_entry_pipe, enter_ossuary_3, st_stairs_1,
          nicolae_figureground_pulse, uniq_sigmund, uniq_ijyb, uniq_grinder
D:6:      layout_loops_cross, serial_shops, shop, minmay_misc_feat_square,
          lightli_corner_chamber, uniq_pikel, uniq_menkaure
D:7:      layout_cave_pools, minmay_nine_imps, uniq_crazy_yiuf_cottage
D:8:      layout_basic, nzn_wu_jian_contemplation, due_lair_maze_entry_diamond

Skill      XL: |  1  2  3  4  5  6  7  8  9 |
---------------+----------------------------+-----
Stealth        | 3 4 5 |  5.5
Hexes          | 3 4 5 6 |  6.8
Dodging        | 2 3 4 |  4.5
Ice Magic      | 1 2 3 4 |  4.2
Fighting       | 1 2 3 4 |  4.1
Invocations    | 1 2 3 4 |  4.4
Short Blades   | 2 3 4 |  4.7
Spellcasting   | 4 5 6 |  6.4
Evocations     | 1 2 3 |  3.8
Fire Magic     | 1 2 3 |  3.2

Action                   |  1- 3 |  4- 6 |  7- 9 | 10-12 || total
-------------------------+-------+-------+-------+-------++-------
Melee: Dagger            |    62 |    50 |   160 |       ||   272
       Tailslap          |     5 |     3 |    25 |       ||    33
 Cast: Ensorcelled Hiber |    18 |     8 |    10 |       ||    36
       Tukima's Dance    |       |     7 |    14 |       ||    21
Invok: Ancestor Identity |     1 |       |       |       ||     1
       Ancestor Life: Ba |     1 |       |       |       ||     1
       Transference      |       |       |     1 |       ||     1
       Recall Ancestor   |       |       |     1 |       ||     1
       Idealise          |       |       |     1 |       ||     1
 Abil: Breathe Dispellin |       |       |    18 |       ||    18
Evoke: Wand              |       |       |    12 |       ||    12
  Use: Scroll            |     2 |     6 |     3 |       ||    11
       Potion            |       |     1 |       |       ||     1
 Stab: Sleeping          |    11 |     7 |     5 |       ||    23
       Distracted        |     1 |       |     2 |       ||     3
Armor: Skin              |    13 |    10 |    85 |       ||   108
Dodge: Dodged            |    51 |    41 |   121 |       ||   213
